 Dungeon Crawl Stone Soup version 0.24-a0-355-gbe4061de67 (webtiles) character file.

Game seed: 2217100141927669781

485 Frenzy the Stinger (level 7, 0/50 HPs)
             Began as a Formicid Venom Mage on May 24, 2019.
             Slain by a hound (3 damage)
             ... on level 4 of the Dungeon.
             The game lasted 00:09:56 (4943 turns).

Frenzy the Stinger (Formicid Venom Mage)            Turns: 4943, Time: 00:09:56

Health: 0/50       AC:  2    Str: 13    XL:     7   Next: 35%
Magic:  5/12       EV: 12    Int: 16    God:
Gold:   172        SH:  0    Dex: 11    Spells: 5/12 levels left

rFire    . . .     SeeInvis +   u - +2 dagger (elec)
rCold    . . .     Gourm    +   (no shield)
rNeg     . . .     Faith    .   o - +0 robe (curse)
rPois    .         Spirit   .   (helmet unavailable)
rElec    .         Reflect  .   (no cloak)
rCorr    .         Harm     .   (no gloves)
MR       .....                  (no boots)
Stlth    ++........             x - amulet of the gourmand
HPRegen  0.16/turn              (no ring)
MPRegen  0.13/turn              (no ring)

@: no status effects
A: permanent stasis, dig shafts and tunnels, four strong arms, antennae 3
a: Dig, Shaft Self


You were on level 4 of the Dungeon.
You were completely stuffed.

You visited 1 branch of the dungeon, and saw 4 of its levels.

You collected 172 gold pieces.

Inventory:

Hand Weapons
 b - a +0 club
 q - a +0 flail of draining
 u - a +2 dagger of electrocution (weapon)
 y - a +0 flail of crushing
Missiles
 l - 131 stones (quivered)
Armour
 a - a +0 robe
 n - a +0 leather armour
 o - a cursed +0 robe (worn)
 p - a +0 shield
Jewellery
 t - an uncursed ring of fire
 x - an amulet of the gourmand (around neck)
Scrolls
 f - 2 scrolls of amnesia {unknown}
 g - 6 scrolls of identify {unknown}
 h - 2 scrolls of remove curse {unknown}
 r - 2 scrolls of magic mapping {unknown}
 s - 4 scrolls of teleportation {unknown}
 v - a scroll of immolation {unknown}
 w - a scroll of enchant weapon {unknown}
Potions
 d - a potion of curing
 e - 2 potions of flight {unknown}
 i - a potion of heal wounds {unknown}
 j - 3 potions of haste {unknown}
 k - a potion of resistance {unknown}
 m - a potion of cancellation {unknown}
 A - a potion of degeneration {unknown}
Comestibles
 c - 10 rations
 z - 6 chunks of flesh


   Skills:
 + Level 2.1 Fighting
 + Level 0.3 Short Blades
 * Level 3.0 Armour
 - Level 1.9 Dodging
 - Level 2.4 Stealth
 * Level 2.5 Shields
 + Level 3.4 Spellcasting
 + Level 1.2 Conjurations
 * Level 2.3 Air Magic
 + Level 6.0 Poison Magic


You had 5 spell levels left.
You knew the following spells:

 Your Spells              Type           Power        Failure   Level  Hunger
a - Sting                 Conj/Pois      ##..         4%          1    None
b - Poisonous Vapours     Pois/Air       ###...       4%          2    ##.....
c - Olgreb's Toxic Radia  Pois           ###.....     16%         4    ####...

Your spell library contained the following spells:

 Spells                   Type           Power        Failure   Level  Hunger
 Mephitic Cloud           Conj/Pois/Air  ##......     14%         3    ###....
 Venom Bolt               Conj/Pois      ##........   73%         5    ######.


Dungeon Overview and Level Annotations

Branches:
Dungeon (4/15)
 Temple: D:4-7

Altars:
Elyvilon
Fedhas
Kikubaaqudgha
Nemelex Xobeh
Sif Muna
Trog
Vehumet
Wu Jian
The Shining One

Shops:
D:4 [


Innate Abilities, Weirdness & Mutations

You cannot be hasted, slowed, berserked, paralysed or teleported.
You can dig through walls and to a lower floor.
Your four strong arms can wield two-handed weapons with a shield.
You have a pair of large antennae on your head. (SInv)


Message History

Confirm with . or Enter, or press ? or * to list all spells.
Aiming: Poisonous Vapours (safe; 4% risk of failure)
Press: ? - help, Dir - move target cursor, f/p - hound
Aim: a hound (moderately wounded, poisoned) Poisonous vapours surround the hound!
The hound is engulfed in poison gas.
The hound looks even sicker.
The hound bites you.
* * * LOW HITPOINT WARNING * * *
It was a potion of curing.
You feel better. The hound barely misses you.
The hound bites you but does no damage.
Okay, then.
You hit the hound.
The hound is heavily wounded.
The hound bites you.
* * * LOW HITPOINT WARNING * * *
You hit the hound but do no damage.
The hound is severely wounded.
The hound bites you.
* * * LOW HITPOINT WARNING * * *
The hound bites you.
You die...

#.....###................
.......##...............
................#....##
..............#†......#.#
........#.....###.......#
........#.....##........#
........#.....#S.##.....#
.........###)###h##......#
........## #..#@....#....#
.....<..#####.....###....#
...#.#...###....## ..##
###.#..##.....##.# ..#
#.......#.....#### #
#.......)....##
.#∩#.[...........#
.###.............#
.......÷...).....#


You could see a hound and a ball python.

Vanquished Creatures
  A centaur (D:2)
  An ogre (D:4)
  A scorpion (D:4)
  An orc priest (D:3)
  2 orc wizards
  6 gnolls
  4 adders
  An ooze (D:1)
  3 worms (D:2)
  2 dart slugs
  A leopard gecko (D:1)
  15 orcs
  A giant cockroach (D:1)
  9 goblins
  8 hobgoblins
  A ball python (D:3)
  10 bats
  3 frilled lizards
  7 kobolds
  5 rats
82 creatures vanquished.

Notes
Turn   | Place    | Note
-------+----------+-------------------------------------------
     0 | D:1      | Frenzy the Formicid Venom Mage began the quest for the Orb.
     0 | D:1      | Reached XP level 1. HP: 13/13 MP: 3/3
   171 | D:1      | Reached XP level 2. HP: 19/19 MP: 3/5
   181 | D:1      | Learned a level 2 spell: Poisonous Vapours
   681 | D:1      | Reached XP level 3. HP: 21/24 MP: 6/6
  1778 | D:2      | Found an ancient bone altar of Kikubaaqudgha.
  2026 | D:2      | Reached skill level 1 in Armour
  2158 | D:2      | Found an ornate altar of the Wu Jian Council.
  2281 | D:2      | Reached skill level 5 in Poison Magic
  2290 | D:2      | Reached XP level 4. HP: 26/31 MP: 7/7
  2437 | D:2      | Reached skill level 1 in Conjurations
  2499 | D:2      | Found a radiant altar of Vehumet.
  2560 | D:2      | Reached skill level 1 in Air Magic
  2947 | D:2      | Noticed a centaur
  2956 | D:2      | Killed a centaur
  2956 | D:2      | Reached skill level 1 in Fighting
  2956 | D:2      | Reached skill level 1 in Shields
  2956 | D:2      | Reached XP level 5. HP: 9/37 MP: 5/9
  3231 | D:2      | Found a deep blue altar of Sif Muna.
  3284 | D:3      | Learned a level 4 spell: Olgreb's Toxic Radiance
  3285 | D:3      | Found a white marble altar of Elyvilon.
  3718 | D:3      | Found a bloodstained altar of Trog.
  3818 | D:3      | Reached XP level 6. HP: 35/43 MP: 1/10
  4619 | D:3      | Found a glowing golden altar of the Shining One.
  4619 | D:3      | Found a blossoming altar of Fedhas.
  4621 | D:3      | Found a sparkling altar of Nemelex Xobeh.
  4705 | D:4      | Found Plog's Armour Shoppe.
  4758 | D:4      | Noticed an ogre
  4765 | D:4      | Killed an ogre
  4765 | D:4      | Reached XP level 7. HP: 50/50 MP: 2/11
  4914 | D:4      | Reached skill level 6 in Poison Magic
  4940 | D:4      | HP: 1/50 [hound (6)]
  4943 | D:4      | Slain by a hound

Levels and vault maps discovered:
D:1:      lightli_arrival_isolated_outpost, layout_basic
D:2:      layout_loops_ring, nicolae_overflow_crystal_walls,
          lemuel_crystal_altar, lemuel_coloured_pillars_altar,
          overflow_temple_1_default, first_ration
D:3:      layout_basic, nicolae_overflow_hidden_temple, lemuel_doored_altar,
          bloody_trog
D:4:      layout_rooms, eat_drink_and_be_merry_uskayaw, serial_shops,
          nicolae_shop_window_shopping, shop_coins, nicolae_shop_stone,
          okawaru_ov_weapons_minmay, uniq_sigmund

Skill      XL: |  1  2  3  4  5  6  7 |
---------------+----------------------+-----
Armour         | 1 2 3 |  3.0
Poison Magic   | 5 6 |  6.0
Conjurations   | 1 |  1.2
Air Magic      | 1 2 |  2.3
Fighting       | 1 2 |  2.1
Shields        | 1 2 |  2.5
Spellcasting   | 3 |  3.4
Short Blades   | |  0.3
Dodging        | |  1.9
Stealth        | |  2.4

Action                   |  1- 3 |  4- 6 |  7- 9 || total
-------------------------+-------+-------+-------++-------
Melee: Club              |    83 |       |       ||    83
       Flail             |    21 |    48 |       ||    69
       Dagger            |       |    35 |    18 ||    53
 Cast: Sting             |    20 |     1 |       ||    21
       Poisonous Vapours |     4 |    12 |     7 ||    23
       Olgreb's Toxic Ra |       |     5 |       ||     5
  Use: Potion            |       |       |     1 ||     1
 Stab: Sleeping          |     2 |     5 |       ||     7
  Eat: Chunk             |     5 |    24 |     1 ||    30
Armor: Robe              |    30 |    16 |     4 ||    50
Dodge: Dodged            |    99 |    59 |    14 ||   172

Table legend:
 A = Non-vault XP
 B = Vault XP
 C = Vault XP percentage of total XP
 D = Non-vault monster count
 E = Vault monster count
 F = Vault count percentage of total count
                 A         B        C        D         E       F
            +---------+---------+-------+---------+---------+-------
      Total |     693 |       0 |   0.0 |      82 |       0 |   0.0
            +---------+---------+-------+---------+---------+-------
        D:1 |      49 |       0 |   0.0 |      24 |       0 |   0.0
        D:2 |     192 |       0 |   0.0 |      17 |       0 |   0.0
        D:3 |     200 |       0 |   0.0 |      32 |       0 |   0.0
        D:4 |     252 |       0 |   0.0 |       9 |       0 |   0.0
            +---------+---------+-------+---------+---------+-------
